[Event "*** Titled Tuesday Blitz"]
[Site "Chess.com"]
[Date "2020.11.10"]
[Round "8"]
[White "Bastiandash"]
[Black "Ranindu2003"]
[Result "0-1"]
[WhiteElo "2358"]
[BlackElo "2539"]
[TimeControl "180+1"]
[EndTime "11:33:24 PST"]
[Termination "Ranindu2003 won on time"]

1. d4 Nf6 2. Nf3 e6 3. Bg5 d5 4.
Nbd2 b6 5. e3 Bb7 6. Bd3 Nbd7 7.
O-O Be7 8. c3 Ne4 9. Bxe7 Qxe7 10.
Qe2 O-O 11. Ne5 a6 12. f4 c5 13. Rf3 f6 14. Nxd7 Qxd7 15. Raf1 Rfe8 16. Rh3 g6 17.
Nf3 b5 18. g4 e5 19. fxe5 Qxg4+ 20. Qg2 Qxg2+ 21. Kxg2 Bc8 22. Rh4 g5 23. Rxe4 dxe4 24.
Bxe4 Ra7 25. Bd5+ Be6 26. Bxe6+ Rxe6 27. d5 Re8 28. exf6 h6 29. Re1 Rf7 30. e4 g4 31. Nh4 Re5 32. Ng6 Re8 33. e5 Rxf6 34. Nh4 Rb6 35. Nf5 Kh7 0-1

[Event "*** Titled Tuesday Blitz"]
[Site "Chess.com"]
[Date "2020.11.10"]
[Round "8"]
[White "eljanov"]
[Black "Tashik"]
[Result "1-0"]
[WhiteElo "2777"]
[BlackElo "2459"]
[TimeControl "180+1"]
[EndTime "11:33:25 PST"]
[Termination "eljanov won by resignation"]

1. e4 e5 2. Nf3 Nc6 3. Bc4 Bc5 4. c3 Nf6 5. d3 a6 6. O-O d6 7. Re1 O-O 8. Nbd2 Ba7 9. a4 Ne7 10. d4 Ng6 11. h3 h6 12. Bd3 Re8 13. Nf1 Nf4 14.
Bxf4 exf4 15. Qd2 g5 16. Rad1 Bd7 17. Bc2 Bc6 18. d5 Bd7 19. e5 dxe5 20. Nxe5 Re7 21. Nh2 Qf8 22. Nhg4 Bxg4 23. Nxg4 Nxg4 24. hxg4 Rae8 25.
Rxe7 Qxe7 26. Qd3 Qf6 27. Kf1 Kf8 28. d6 cxd6 29. Qxd6+ Qxd6 30. Rxd6 Re6 31. Rxe6 fxe6 32. Be4 b6 33. Ke2 a5 34. Kd3 Bb8 35. Kc4 Bd6 36. Kb5 Bc5 37. f3 Ke7 38. b4 axb4 39. cxb4 Be3 40. Kc6 Bd2 41. Kxb6 Bxb4 42. a5 Kd8 43. a6 Kc8 44. a7 1-0

[Event "*** Titled Tuesday Blitz"]
[Site "Chess.com"]
[Date "2020.11.10"]
[Round "8"]
[White "natelleka"]
[Black "canary2016"]
[Result "0-1"]
[WhiteElo "2129"]
[BlackElo "2017"]
[TimeControl "180+1"]
[EndTime "11:33:25 PST"]
[Termination "canary2016 won on time"]

1. e4 c6 2. d4 d5 3. f3 Qb6 4.
a4 e5 5. dxe5 a5 6. exd5 Bc5 7.
Nh3 Bxh3 8. gxh3 cxd5 9. Qxd5 Nc6 10. Nc3 Nge7 11. Qe4 Bf2+ 12. Ke2 Rd8 13. Nb5 O-O 14. Bg5 Bg1 15. Bh4 Nd4+ 16. Ke1 Nxb5 17. Bxb5 Rd4 18. Qg4 Rxg4 19. hxg4 Qe3+ 20. Be2 Ng6 21. Bg3 Qc5 22. Kf1 Bd4 23. c3 Bxe5 24. Bf2 Qc6 25. h4 Nf4 26. Bb5 Qc7 27. h5 Rd8 28. g5 Rd2 29. Be3 Rxb2 30. g6 fxg6 0-1

[Event "*** Titled Tuesday Blitz"]
[Site "Chess.com"]
[Date "2020.11.10"]
[Round "8"]
[White "Roman_Ovetchkin"]
[Black "GregShahade"]
[Result "0-1"]
[WhiteElo "2600"]
[BlackElo "2695"]
[TimeControl "180+1"]
[EndTime "11:33:26 PST"]
[Termination "GregShahade won by resignation"]

1. d4 Nf6 2. c4 g6 3. Nc3 d5 4.
cxd5 Nxd5 5. e4 Nxc3 6. bxc3 Bg7 7. Bc4 c5 8. Ne2 Nc6 9. Be3 O-O 10. O-O e6 11. Qd2 b6 12. Rad1 Bb7 13. Bh6 Na5 14.
Bd3 Rc8 15. Bxg7 Kxg7 16. Qe3 Qe7 17. Ng3 Rfd8 18. e5 cxd4 19. cxd4 Nc4 20. Bxc4 Rxc4 21. Rd2 b5 22. Qf4 a5 23. h4 h5 24. Rfd1 Rd7 25.
Nf1 b4 26. Ne3 Rc3 27. Qg3 a4 28. d5 Bxd5 29. Rxd5 Rxd5 30. Rxd5 exd5 31. Qf4 Rd3 32. Kh2 b3 33. Qxa4 b2 34. Qb5 Qxh4+ 35. Kg1 Qd4 36.
Kh2 Qxe5+ 37. g3 Rd2 38. Kg1 Qxe3 39. fxe3 Rd1+ 0-1

[Event "*** Titled Tuesday Blitz"]
[Site "Chess.com"]
[Date "2020.11.10"]
[Round "8"]
[White "JoliyRoger"]
[Black "VladaSviridova"]
[Result "0-1"]
[WhiteElo "2355"]
[BlackElo "2254"]
[TimeControl "180+1"]
[EndTime "11:33:26 PST"]
[Termination "VladaSviridova won on time"]

1. Nf3 d5 2. d4 Nf6 3. c4 c6 4. Nbd2 Bf5 5. e3 e6 6. Be2 Nbd7 7. Nh4 Bg6 8. O-O Bd6 9. g3 O-O 10. Nxg6 hxg6 11. Bf3 Rc8 12. b3 Qe7 13. a4 a5 14.
Bb2 Bb4 15. Qe2 b6 16. Rfd1 Rfe8 17. h4 e5 18. dxe5 Nxe5 19. cxd5 cxd5 20. Rac1 Rxc1 21. Bxc1 Rc8 22. Nf1 Ne4 23. Bb2 Nxf3+ 24. Qxf3 Rc2 25. Bd4 Rxf2 26. Qg4 Bc5 27. h5 Bxd4 28. Rxd4 Rf5 29. hxg6 fxg6 30. Qxg6 Rg5 31. Qc6 Nxg3 32. Nxg3 Qxe3+ 0-1

[Event "*** Titled Tuesday Blitz"]
[Site "Chess.com"]
[Date "2020.11.10"]
[Round "8"]
[White "Das_Virus_2020"]
[Black "Pertinhez76"]
[Result "1-0"]
[WhiteElo "2418"]
[BlackElo "2123"]
[TimeControl "180+1"]
[EndTime "11:33:27 PST"]
[Termination "Das_Virus_2020 won by checkmate"]

1. e4 e6 2. Qe2 c5 3. Nf3 Nc6 4. d3 g6 5. g3 Bg7 6. Bg2 Nge7 7. O-O d6 8. c4 O-O 9. Nc3 a6 10. Rb1 Qc7 11. h4 Rb8 12. h5 b5 13. hxg6 hxg6 14.
cxb5 axb5 15. Bg5 b4 16. Nd1 Ba6 17. b3 Ne5 18. Nxe5 dxe5 19. Nb2 Rfd8 20. Rbc1 Rbc8 21. Be3 Qd6 22. Rfd1 Bf8 23. Nc4 Qc7 24. Bf1 Nc6 25.
Nb2 Nd4 26. Qg4 Be7 27. Kg2 Kg7 28. Bxd4 Rxd4 29. Nc4 Rcd8 30. Be2 Bf6 31. Qf3 Bb7 32.
Qe3 Qb8 33. Rh1 Qa8 34. g4 Rh8 35. Rxh8 Qxh8 36. Rh1 Qa8 37. g5 Be7 38. Nxe5 f5 39. gxf6+ Bxf6 40. Qh6+ Kg8 41. Qxg6+ Bg7 42. Qf7# 1-0

[Event "*** Titled Tuesday Blitz"]
[Site "Chess.com"]
[Date "2020.11.10"]
[Round "8"]
[White "PawnEatingZombie"]
[Black "03revilo"]
[Result "0-1"]
[WhiteElo "2164"]
[BlackElo "2344"]
[TimeControl "180+1"]
[EndTime "11:33:27 PST"]
[Termination "03revilo won on time"]

1. d4 Nf6 2. c4 e6 3. Nc3 Bb4 4.
Qc2 O-O 5. e4 d5 6. e5 Ne4 7. Bd3 c5 8. Nf3 Nc6 9. O-O cxd4 10. Nxe4 dxe4 11. Bxe4 h6 12. Bf4 Bd7 13. Rad1 Bc5 14. Qc1 Rc8 15. Bxh6 gxh6 16. Qxh6 f5 17. exf6 Rxf6 18. Qh7+ Kf8 19. Ng5 Ne5 20. f4 Nf7 21.
Bg6 Be8 22. Ne4 Ke7 23. Nxf6 Kxf6 24. Be4 Ke7 25. f5 d3+ 26. Kh1 Qd4 27. fxe6 Kxe6 28. Bf5+ Ke7 29. Qg6 Kd8 30. Bxc8 Kxc8 31. Qxd3 Qe5 0-1

[Event "*** Titled Tuesday Blitz"]
[Site "Chess.com"]
[Date "2020.11.10"]
[Round "8"]
[White "petrkostenko"]
[Black "tandaleo"]
[Result "1-0"]
[WhiteElo "2464"]
[BlackElo "2304"]
[TimeControl "180+1"]
[EndTime "11:33:28 PST"]
[Termination "petrkostenko won on time"]

1. e4 e5 2. Nf3 Nc6 3. c3 Nf6 4. d3 Bc5 5. b4 Bd6 6. Be2 O-O 7. Nbd2 Ne7 8. Nc4 Ng6 9. O-O Re8 10. Nxd6 cxd6 11. c4 a5 12. b5 b6 13. g3 Bb7 14. Be3 Qc7 15. Nd2 Rab8 16. Nb1 Rf8 17. Nc3 Ba8 18. f4 exf4 19. gxf4 Rfe8 20. Rc1 d5 21. cxd5 Qd6 22. Qd2 Qa3 23. Nb1 Qf8 24. Bd4 Qe7 25. Nc3 d6 26. Rf2 Nd7 27. Bg4 Nc5 28.
Rcf1 Rbc8 29. Bxc8 Rxc8 30. Rg2 f6 31. Ne2 Nd7 32. Ng3 Nh4 33. Re2 Qf7 34. f5 g5 35.
fxg6 hxg6 36. Qf4 g5 37. Qxd6 Nc5 38. Rxf6 Qh7 39. Qxb6 Nxd3 40. Qe6+ 1-0

[Event "*** Titled Tuesday Blitz"]
[Site "Chess.com"]
[Date "2020.11.10"]
[Round "8"]
[White "BogdanDeac"]
[Black "klimkoj"]
[Result "1-0"]
[WhiteElo "2807"]
[BlackElo "2633"]
[TimeControl "180+1"]
[EndTime "11:33:30 PST"]
[Termination "BogdanDeac won by checkmate"]

1. Nf3 Nf6 2. d4 e6 3. c4 b6 4. g4 Nxg4 5. e4 Bb7 6. Rg1 Nf6 7. e5 Ne4 8. Bd3 d5 9. Qe2 Nc6 10. cxd5 exd5 11. Nc3 Bb4 12. Rxg7 Nxc3 13. bxc3 Bxc3+ 14. Kf1 Qd7 15. Rb1 O-O-O 16. Be3 Qh3+ 17. Kg1 Rhg8 18.
Rg3 Nb4 19. Ng5 Qd7 20. Bxh7 Rg7 21. Rb3 Ba6 22. Qf3 Qb5 23. h4 Qf1+ 24. Kh2 Nxa2 25.
Ra3 Bc4 26. Rxa7 Kb8 27. Qf6 Kxa7 28. Qxd8 Kb7 29. Bf5 f6 30. exf6 Be1 31. fxg7 Bxf2 32. Qc8+ Kc6 33. Bd7+ Kd6 34. Nf7+ Ke7 35. Qe8+ Kf6 36.
Qe6# 1-0

[Event "*** Titled Tuesday Blitz"]
[Site "Chess.com"]
[Date "2020.11.10"]
[Round "8"]
[White "djano"]
[Black "NewBornNow"]
[Result "0-1"]
[WhiteElo "2479"]
[BlackElo "2653"]
[TimeControl "180+1"]
[EndTime "11:33:30 PST"]
[Termination "NewBornNow won on time"]

1. d4 d6 2. Nf3 Nf6 3. Nc3 Nbd7 4. Bf4 c5 5. dxc5 Nxc5 6. Qd2 Nce4 7. Nxe4 Nxe4 8. Qe3 Qa5+ 9. c3 d5 10. Nd2 Nxd2 11.
Qxd2 f6 12. e3 e5 13. Bg3 Be6 14. Be2 Be7 15. O-O O-O 16. a4 Rfd8 17. Rfd1 Bf8 18. h3 Rac8 19. Bg4 Bxg4 20. hxg4 Rc4 21. Qe2 Qa6 22.
a5 Be7 23. Rd2 Qb5 24. Rad1 h6 25. e4 Qa4 26. exd5 Bd6 27. f3 Rdc8 28. Bf2 Qxa5 29.
Qd3 a6 30. Qf5 Qd8 31. Qe6+ Kf8 32. Qf5 Qe7 33. Rd3 Kg8 34. Kh1 Qf7 35. Bg1 Re8 36. g5 Rh4+ 37. Bh2 Rxh2+ 38. Kxh2 e4+ 39. f4 exd3 0-1

[Event "*** Titled Tuesday Blitz"]
[Site "Chess.com"]
[Date "2020.11.10"]
[Round "8"]
[White "nitpicker"]
[Black "ShahMatKanal"]
[Result "0-1"]
[WhiteElo "2240"]
[BlackElo "2508"]
[TimeControl "180+1"]
[EndTime "11:33:30 PST"]
[Termination "ShahMatKanal won on time"]

1. d4 Nf6 2. c4 c5 3. d5 b5 4.
cxb5 a6 5. bxa6 g6 6. Nc3 Bg7 7.
e4 d6 8. Nf3 Qa5 9. Bd3 Nxa6 10.
O-O Nb4 11. Bb5+ Nd7 12. Bd2 O-O 13. a3 Na6 14. Bc6 Rb8 15. b4 cxb4 16. axb4 Qxb4 17. Ra4 Qb2 18. Ra2 Qb4 19. Ra4 Qb3 20.
Bxd7 Bxd7 21. Qxb3 Rxb3 22. Rxa6 Bxc3 23. Ra7 Bb5 24.
Rc1 Bf6 25. Bh6 Re8 26. Rb7 Ba4 27. Rxb3 Bxb3 28. h3 Bg7 29. Bxg7 Kxg7 30. Nd4 Ba4 31. Nc6 Rc8 32. Rc4 Bb5 33. Rc3 g5 0-1

[Event "*** Titled Tuesday Blitz"]
[Site "Chess.com"]
[Date "2020.11.10"]
[Round "8"]
[White "sboshaon21"]
[Black "CraiggoryC"]
[Result "1-0"]
[WhiteElo "2071"]
[BlackElo "2199"]
[TimeControl "180+1"]
[EndTime "11:33:32 PST"]
[Termination "sboshaon21 won on time"]

1. e4 e6 2. Nf3 d5 3. exd5 exd5 4. d4 Bd6 5. Bd3 Nc6 6. O-O Bg4 7. c3 Nge7 8. Bg5 f6 9. Bh4 Qd7 10. Nbd2 O-O-O 11. b4 g5 12. Bg3 Ng6 13. Qc2 Nce7 14. c4 dxc4 15. Qxc4 h5 16. Bxd6 Qxd6 17. Ne4 Qf4 18. Nfd2 Kb8 19. Rac1 Nd5 20. g3 Qf5 21. Nd6 Qe6 22.
Nxb7 Kxb7 23. Bxg6 f5 24. Qb5+ Nb6 25. Nc4 Qxg6 26. Na5+ Kc8 27. Qa6+ Kd7 28. Qb5+ c6 29. Nxc6 Ke6 30. Rfe1+ Kf7 31. Nxd8+ Rxd8 32. Rc7+ Kg8 33.
Qe5 1-0

[Event "*** Titled Tuesday Blitz"]
[Site "Chess.com"]
[Date "2020.11.10"]
[Round "8"]
[White "Brave_spirit12"]
[Black "kai_nov"]
[Result "0-1"]
[WhiteElo "2473"]
[BlackElo "2338"]
[TimeControl "180+1"]
[EndTime "11:33:33 PST"]
[Termination "kai_nov won by checkmate"]

1. e4 c5 2. c3 d5 3. exd5 Qxd5 4. Nf3 Nc6 5. Be2 e5 6. d3 Nf6 7. O-O Be7 8. Na3 O-O 9. Re1 Bg4 10. Nc4 Rfe8 11.
Ne3 Qd6 12. Nxg4 Nxg4 13. Bg5 Nxh2 14. Kxh2 e4+ 15. Kg1 exf3 16. Bxe7 Rxe7 17. Bxf3 Ne5 18. Be4 Rae8 19. Qa4 a6 20. Rad1 g6 21. d4 Ng4 22. g3 Rxe4 23. Rxe4 Rxe4 24. dxc5 Qe5 25. Qd7 Re1+ 26. Rxe1 Qxe1+ 27. Kg2 Qxf2+ 28. Kh3 h5 29.
Kh4 Qf6+ 30. Kh3 Kg7 31. Qxb7 Qf2 32. Qg2 Qxc5 33. b3 Qf5 34. Kh4 g5+ 35. Kxh5 Nf6# 0-1

[Event "*** Titled Tuesday Blitz"]
[Site "Chess.com"]
[Date "2020.11.10"]
[Round "8"]
[White "dosto07"]
[Black "mamonika"]
[Result "0-1"]
[WhiteElo "2310"]
[BlackElo "2056"]
[TimeControl "180+1"]
[EndTime "11:33:33 PST"]
[Termination "mamonika won by checkmate"]

1. e4 e5 2. Nf3 Nc6 3. Bb5 a6 4. Ba4 d6 5. Bxc6+ bxc6 6. d4 f6 7. Nc3 Ne7 8. Be3 Ng6 9. Qe2 Rb8 10. O-O-O Be6 11. h4 h5 12. dxe5 Nxe5 13. Nxe5 fxe5 14.
Qxa6 Qd7 15. g3 Be7 16. f4 exf4 17. gxf4 Bg4 18. Rde1 Bf6 19. Qc4 Qe6 20. Nd5 Bxb2+ 21. Kd2 cxd5 22. exd5 Qd7 23. Bd4+ Kf7 24. Re6 Bxd4 25.
Qxd4 Bxe6 26. dxe6+ Qxe6 27. Re1 Qf6 28. Qd5+ Kf8 29.
f5 Qf7 30. Re6 Rh6 31. Kd3 Rxe6 32. fxe6 Qf1+ 33. Kc3 Qa1+ 34. Kd2 Qe5 35. Qf3+ Kg8 36. Qf7+ Kh7 37. e7 Qd4+ 38. Ke2 Qe4+ 39. Kd2 c5 40. Qxh5+ Kg8 41. Qg5 Re8 42. h5 Qxe7 43. Qg6 Qe3+ 44. Kd1 Qe1# 0-1

[Event "*** Titled Tuesday Blitz"]
[Site "Chess.com"]
[Date "2020.11.10"]
[Round "8"]
[White "Guenplen"]
[Black "kingofthenil"]
[Result "1-0"]
[WhiteElo "2883"]
[BlackElo "2674"]
[TimeControl "180+1"]
[EndTime "11:33:34 PST"]
[Termination "Guenplen won on time"]

1. d4 Nf6 2. Bf4 c5 3. e3 Qb6 4. b3 cxd4 5. exd4 Nc6 6. c3 d5 7. Bd3 Bg4 8. Ne2 e6 9. h3 Bh5 10. O-O Be7 11. Nd2 O-O 12. b4 Rfd8 13.
a4 a5 14. b5 Na7 15. Rc1 Nc8 16. c4 Bxe2 17. Qxe2 dxc4 18. Rxc4 Nd6 19. Rc5 Nd5 20. Rxd5 exd5 21. Qxe7 Qxd4 22. Bxd6 Qxd3 23. Nf3 b6 24. Be5 Re8 25. Qg5 Qg6 26. Qxg6 hxg6 27. Bc7 Re4 28. Ra1 d4 29. Bxb6 d3 30. Be3 Rb4 31. Ne5 Rc8 32. Nxd3 Rb3 33. Ne5 Rc2 34. Nc6 Rc4 35. Nxa5 1-0

[Event "*** Titled Tuesday Blitz"]
[Site "Chess.com"]
[Date "2020.11.10"]
[Round "8"]
[White "Algeriano22"]
[Black "fabianvivasz"]
[Result "1-0"]
[WhiteElo "2704"]
[BlackElo "2401"]
[TimeControl "180+1"]
[EndTime "11:33:34 PST"]
[Termination "Algeriano22 won by checkmate"]

1. e4 c5 2. Nf3 d6 3. d4 cxd4 4. Nxd4 Nf6 5. Nc3 a6 6. Be2 e5 7. Nb3 Be7 8. O-O O-O 9. Kh1 b6 10. Be3 Bb7 11. f3 Nbd7 12. a4 Rc8 13. Rf2 Rc6 14.
Bf1 Qc7 15. Rd2 Rc8 16. Rd3 h6 17. Nc1 Nc5 18. Rd2 Ncd7 19. N1a2 Bf8 20. Bf2 Qb8 21. Nb4 Rxc3 22. bxc3 Rxc3 23. Nxa6 Qa8 24. Nb4 Qa5 25. Na2 Ra3 26. Bb5 Nc5 27. Bxc5 dxc5 28. c3 g6 29. Rb1 Ba6 30. Qc1 Rxa4 31. Bxa4 Qxa4 32. Rxb6 Kg7 33.
Rdd6 Bxd6 34. Rxd6 Bc4 35. Rd2 Bxa2 36. Qa1 Bb3 37. Qg1 c4 38. h3 Nh5 39. Qc5 Qa1+ 40.
Kh2 Qxc3 41. Rd8 Nf4 42. Qf8+ Kf6 43. Rd6+ Kg5 44. Qe7+ Kh5 45. g4# 1-0

[Event "*** Titled Tuesday Blitz"]
[Site "Chess.com"]
[Date "2020.11.10"]
[Round "8"]
[White "Goryachkina"]
[Black "KetiGrant"]
[Result "1-0"]
[WhiteElo "2587"]
[BlackElo "2415"]
[TimeControl "180+1"]
[EndTime "11:33:34 PST"]
[Termination "Goryachkina won on time"]

1. e4 c5 2. Nf3 Nc6 3. Bb5 g6 4. Bxc6 dxc6 5. d3 Bg7 6. h3 Nf6 7. O-O Nd7 8. Nc3 e5 9. Be3 h6 10. Qd2 b6 11. a4 a5 12. b3 Nf8 13. Nh2 Ne6 14. Ne2 Qe7 15. Rae1 Ba6 16. f4 exf4 17. Nxf4 Nd4 18. Kh1 O-O-O 19. Nf3 h5 20. Nxd4 cxd4 21. Bg1 g5 22. Ne2 g4 23. Qf4 gxh3 24. gxh3 Be5 25.
Qxf7 Qd6 26. Qf5+ Kb8 27. Qg5 Rdg8 28. Qd2 Bc8 29. Nf4 Qd7 30. Bh2 Ka7 31. Rg1 Qe7 32.
Ng6 Rxg6 33. Rxg6 1-0

[Event "*** Titled Tuesday Blitz"]
[Site "Chess.com"]
[Date "2020.11.10"]
[Round "8"]
[White "A-S-00"]
[Black "lelya96"]
[Result "0-1"]
[WhiteElo "2334"]
[BlackElo "2229"]
[TimeControl "180+1"]
[EndTime "11:33:34 PST"]
[Termination "lelya96 won on time"]

1. d4 d5 2. c4 c6 3. Nf3 Nf6 4. Nc3 dxc4 5. a4 Bf5 6. Ne5 Nbd7 7. Nxc4 Qc7 8. Qd2 e5 9. dxe5 Nd5 10. Nxd5 cxd5 11. Qxd5 Bb4+ 12. Bd2 Bxd2+ 13. Nxd2 Qxe5 14. Qxe5+ Nxe5 15. e4 Be6 16. f4 Nc6 17. Bb5 O-O 18. O-O Nd4 19. Bd3 Rfd8 20. f5 Nxf5 21.
exf5 Rxd3 22. fxe6 Rxd2 23. exf7+ Kf8 24. Rac1 Rad8 25.
Rc7 Rxb2 26. Re1 Rbd2 27. Rxb7 R2d7 28. Re8+ Rxe8 29. Rxd7 Re7 30. Rd8+ Kxf7 31. Kf2 Re4 32. Rd7+ Re7 33. Rxa7 Rxa7 0-1

[Event "*** Titled Tuesday Blitz"]
[Site "Chess.com"]
[Date "2020.11.10"]
[Round "8"]
[White "Vamostodorecto"]
[Black "keepitcoming"]
[Result "1/2-1/2"]
[WhiteElo "2377"]
[BlackElo "2498"]
[TimeControl "180+1"]
[EndTime "11:33:36 PST"]
[Termination "Game drawn by repetition"]

1. d4 d5 2. c4 e6 3. Nc3 c5 4. cxd5 exd5 5. Nf3 Nc6 6. g3 Nf6 7. Bg2 Be7 8. O-O O-O 9. Bg5 c4 10. Ne5 Be6 11. Nxc6 bxc6 12. Qc2 h6 13. Bxf6 Bxf6 14. Rad1 Qb6 15. e4 dxe4 16. Na4 Qb4 17.
Bxe4 Bd5 18. Bf5 Rfd8 19. Nc5 Bxd4 20. Rxd4 Qxc5 21. Rg4 Rab8 22. Qc3 Qf8 23. Re1 Rd6 24.
Re5 g6 25. Bc2 Qg7 26. h4 Re6 27. Rxe6 Qxc3 28. bxc3 Bxe6 29. Rd4 Rb2 30. Be4 Rxa2 31. Bxc6 Ra1+ 32. Kg2 Rc1 33. Rd8+ Kg7 34. Ra8 Rxc3 35. Rxa7 Rd3 36. Be4 Rd1 37. Kf3 h5 38. Ke2 Rd4 39.
Ke3 Rd1 40. Rc7 Re1+ 41. Kf3 Rc1 42. Ke3 Re1+ 43. Kf3 Rc1 44. Ke3 Re1+ 1/2-1/2

[Event "*** Titled Tuesday Blitz"]
[Site "Chess.com"]
[Date "2020.11.10"]
[Round "8"]
[White "emiliochess"]
[Black "profofchess"]
[Result "1-0"]
[WhiteElo "2289"]
[BlackElo "2408"]
[TimeControl "180+1"]
[EndTime "11:33:36 PST"]
[Termination "emiliochess won on time"]

1. d4 Nf6 2. Bf4 c5 3. e3 Nd5 4. Bg3 Qb6 5. Nc3 Nxc3 6. bxc3 e6 7. Nf3 Qb2 8. Rb1 Qxc3+ 9. Qd2 Qxd2+ 10. Nxd2 cxd4 11.
exd4 Nc6 12. c3 d6 13. Bd3 b6 14. f4 Bb7 15. O-O g6 16. Ne4 O-O-O 17. d5 exd5 18.
Ng5 Rd7 19. f5 h6 20. Nh3 Ne5 21. Bxe5 dxe5 22. fxg6 Bc5+ 23. Kh1 fxg6 24. Bxg6 Rg7 25. Bf5+ Kb8 26. Rbe1 d4 27. Be4 dxc3 28. Bxb7 Kxb7 29.
Rxe5 Rc8 30. Re2 Ba3 31. Rc2 Rd7 32. g4 Rd2 33. Rf2 Rd1+ 34. Kg2 b5 35. Nf4 a5 36. Ne2 b4 37. Rf7+ Rc7 38. Rxc7+ Kxc7 39. Nxc3 Rc1 40.
Nb5+ Kb6 41. Nxa3 Ra1 42. Nc4+ Kb5 43. h3 a4 44. Nd2 a3 45. h4 Rd1 46. Nb3 1-0

[Event "*** Titled Tuesday Blitz"]
[Site "Chess.com"]
[Date "2020.11.10"]
[Round "8"]
[White "LittleMyMoomin"]
[Black "picturesquecheck"]
[Result "0-1"]
[WhiteElo "1839"]
[BlackElo "2100"]
[TimeControl "180+1"]
[EndTime "11:33:36 PST"]
[Termination "picturesquecheck won on time"]

1. Nf3 c5 2. g3 Nf6 3. Bg2 g6 4. d4 cxd4 5. Nxd4 Bg7 6. O-O Nc6 7. Nb3 O-O 8. c4 d6 9. Nc3 Be6 10. c5 d5 11. e3 Rc8 12. Nd4 Nxd4 13. exd4 Qd7 14. a4 Rfe8 15. b4 Bh3 16. Bf4 Bxg2 17. Kxg2 Nh5 18. Be3 Rcd8 19. b5 e5 20. Qd2 f5 21. Bg5 Rf8 22. Bxd8 f4 23. f3 exd4 24. Ne2 d3 25. Nxf4 Nxf4+ 26. gxf4 Bxa1 27. Rxa1 Rxd8 28. Qxd3 Qc7 29. f5 Qg7 30. Rg1 Kh8 31. Kh1 g5 32.
Qd2 h6 33. Re1 d4 34. Re6 d3 35. Rg6 Qf8 36. Qc3+ Kh7 37. Qd2 Qxf5 0-1

[Event "*** Titled Tuesday Blitz"]
[Site "Chess.com"]
[Date "2020.11.10"]
[Round "8"]
[White "Parhamov"]
[Black "dropstoneDP"]
[Result "0-1"]
[WhiteElo "2957"]
[BlackElo "2949"]
[TimeControl "180+1"]
[EndTime "11:33:38 PST"]
[Termination "dropstoneDP won on time"]

1. d3 e5 2. Nf3 Nc6 3. c4 Nge7 4. g3 d5 5. cxd5 Nxd5 6. Bg2 f6 7. a3 Be6 8. b4 Qd7 9. Bb2 a5 10. b5 Na7 11. a4 c6 12. bxc6 Bb4+ 13. Nbd2 Nxc6 14.
Rc1 O-O 15. O-O Rfc8 16. Nc4 Qd8 17. Nfd2 Rab8 18. e3 b5 19. axb5 Rxb5 20. Ne4 Rbb8 21. Qa4 Qe7 22. Ba1 h5 23. h4 Kh8 24. Bf3 Bg4 25.
Bxg4 hxg4 26. Ncd6 Bxd6 27. Rxc6 Bb4 28. Rfc1 Qe8 29.
Rxc8 Rxc8 30. Rxc8 Qxc8 31. Qd1 Qd7 32. Kh2 a4 33.
Qc2 a3 34. Qc4 Bf8 35. d4 exd4 36. Bxd4 Qf5 37. Qd3 a2 38. Ba1 Bb4 39. Qc4 Kh7 40.
Kg1 Kh6 41. Qd3 Bc3 42. Bxc3 Nxc3 43. Qxc3 Qxe4 44. Kh2 Qb1 45. e4 a1=Q 0-1

[Event "*** Titled Tuesday Blitz"]
[Site "Chess.com"]
[Date "2020.11.10"]
[Round "8"]
[White "giantslayer83"]
[Black "alejanchess73"]
[Result "1-0"]
[WhiteElo "2700"]
[BlackElo "2473"]
[TimeControl "180+1"]
[EndTime "11:33:38 PST"]
[Termination "giantslayer83 won on time"]

1. d4 Nf6 2. Bg5 d5 3. e3 Nbd7 4. Nf3 g6 5. c4 c6 6. Nc3 Bg7 7. h3 O-O 8. Bd3 dxc4 9. Bxc4 Nb6 10. Bb3 Bf5 11. O-O Ne4 12. Nxe4 Bxe4 13. Nd2 Bd5 14. e4 Bxb3 15. Nxb3 a5 16. a4 Re8 17. Qc2 Qd6 18.
Rfd1 h6 19. Bd2 Bxd4 20. Bxa5 c5 21. Bxb6 Qxb6 22. a5 Qb4 23. Nxd4 cxd4 24. Ra4 Qb5 25. Raxd4 Qxa5 26. Rd7 Rac8 27. Qb3 b5 28. Qe3 Kg7 29. Qd4+ Kg8 30. Ra7 Qd8 31. Rd7 Qa5 32. Qe5 Qa4 33. R1d5 Qa1+ 34. Kh2 Rc1 35. Rxe7 Rh1+ 36. Kg3 Rf8 37.
Re8 Rxe8 38. Qxe8+ Kg7 39. Qe5+ Kh7 40. Rd8 1-0

[Event "*** Titled Tuesday Blitz"]
[Site "Chess.com"]
[Date "2020.11.10"]
[Round "8"]
[White "Chessdreamer2020"]
[Black "IMprovidence"]
[Result "1-0"]
[WhiteElo "2516"]
[BlackElo "2386"]
[TimeControl "180+1"]
[EndTime "11:33:38 PST"]
[Termination "Chessdreamer2020 won on time"]

1. e4 c5 2. Nf3 d6 3. d4 cxd4 4.
Qxd4 Nc6 5. Qe3 Nf6 6. h3 e6 7.
Be2 Be7 8. O-O O-O 9. Rd1 Qc7 10.
c4 a6 11. Nc3 b6 12. b3 Bb7 13. Ba3 Rfd8 14. Rac1 Nb8 15. Nd4 Nbd7 16. f3 Re8 17. Bf1 Rac8 18. Qf2 Ne5 19. Na4 Ba8 20. Ne2 Ned7 21. Nd4 Qb8 22. Nc3 h6 23. Kh1 Kh8 24.
Rc2 Bd8 25. Bb2 Bc7 26. Rcd2 Rcd8 27. Nde2 Ne5 28. Qh4 Ng6 29. Qf2 Kg8 30. Nd4 d5 31. cxd5 exd5 32. exd5 Nxd5 33. Nxd5 Bxd5 34. Nf5 Bb7 35.
Nxg7 Rxd2 36. Qxd2 Bf4 37. Qd7 Re7 38. Qd8+ Qxd8 39. Rxd8+ Nf8 40. Nh5 f5 41. Nxf4 Re1 42.
Kg1 1-0

[Event "*** Titled Tuesday Blitz"]
[Site "Chess.com"]
[Date "2020.11.10"]
[Round "8"]
[White "maximnovik"]
[Black "Keures"]
[Result "1-0"]
[WhiteElo "2515"]
[BlackElo "2338"]
[TimeControl "180+1"]
[EndTime "11:33:38 PST"]
[Termination "maximnovik won by resignation"]

1. d4 Nf6 2. Bg5 e6 3. c3 d5 4.
Nd2 Be7 5. e3 Ne4 6. Bxe7 Qxe7 7.
Nxe4 dxe4 8. Bc4 O-O 9. Ne2 b6 10. a4 Ba6 11. Bxa6 Nxa6 12. O-O c6 13. Qc2 f5 14. f3 exf3 15. Rxf3 Nc7 16. e4 Rf6 17. Raf1 Raf8 18. Ng3 f4 19. Nh5 Rh6 20. Nxf4 e5 21. Nd5 cxd5 22. Rxf8+ Qxf8 23. Rxf8+ Kxf8 24. dxe5 Re6 25. Qf2+ Ke8 26. Qf5 g6 27. Qf4 dxe4 28.
Qxe4 Re7 29. h4 Ne6 30. b4 Ng7 31. g4 Ne6 32. Kh2 Rc7 33. c4 Rd7 34. Qc6 Ke7 35. a5 bxa5 36. bxa5 Rd2+ 37. Kg3 Rd3+ 38. Kf2 Rd2+ 39.
Ke3 Re2+ 40. Kd3 Rxe5 41. Qb7+ Kf6 42. Qxa7 Nc5+ 43. Kc3 Ne4+ 44. Kb4 Ke6 45. Qxh7 Nc5 46. Qxg6+ Kd7 47. Qg7+ Kd6 48. Qxe5+ Kxe5 49. Kxc5 1-0

[Event "*** Titled Tuesday Blitz"]
[Site "Chess.com"]
[Date "2020.11.10"]
[Round "8"]
[White "Margarita2907"]
[Black "grandcoach"]
[Result "0-1"]
[WhiteElo "2211"]
[BlackElo "2108"]
[TimeControl "180+1"]
[EndTime "11:33:38 PST"]
[Termination "grandcoach won by resignation"]

1. e4 c5 2. Nf3 Nc6 3. d4 cxd4 4. Nxd4 e5 5. Nb5 d6 6. N1c3 a6 7. Na3 b5 8. Nd5 Nge7 9. Bg5 f6 10. Be3 Nxd5 11. Qxd5 Bb7 12. Qd2 Be7 13. Be2 O-O 14. O-O Kh8 15. c3 Na5 16. Bd3 Rc8 17. f4 Qd7 18. fxe5 dxe5 19. Rad1 Qe6 20. b3 Bxa3 21. c4 b4 22. Rf3 Nc6 23. Rh3 Nd4 24. Qf2 Qg4 25.
Rf1 Bxe4 26. Bxd4 Bxd3 27. Rxd3 exd4 28. Rxd4 Qg6 29. Rd6 a5 30. Rfd1 Rfe8 31. Rd7 h6 32. Ra7 Rcd8 33. Rxd8 Rxd8 34. h3 Bc1 35. Rxa5 Re8 36. Kh2 Qg5 37. Rxg5 hxg5 38. Qg3 Bf4 39. Qxf4 gxf4 40. Kg1 Re2 41. Kf1 Rxa2 0-1

[Event "*** Titled Tuesday Blitz"]
[Site "Chess.com"]
[Date "2020.11.10"]
[Round "8"]
[White "Leo_C"]
[Black "AlexandraBotez"]
[Result "0-1"]
[WhiteElo "2268"]
[BlackElo "2119"]
[TimeControl "180+1"]
[EndTime "11:33:39 PST"]
[Termination "AlexandraBotez won on time"]

1. d4 Nf6 2. c4 g6 3. f3 c5 4. d5 d6 5. e4 Bg7 6. Ne2 b5 7. cxb5 a6 8. Nec3 O-O 9. Nd2 Nbd7 10. a4 Ne5 11. f4 Neg4 12. h3 Ne3 13. Qb3 Nxf1 14. Rxf1 axb5 15. Nxb5 Ba6 16. Ra3 Qa5 17. Kd1 Rfb8 18. Nc4 Qb4 19. Qxb4 cxb4 20. Re3 Bxb5 21. axb5 Rxb5 22. b3 Ra1 23. Ke2 Nd7 24. Bb2 Ra2 25. Rb1 Nc5 26. e5 dxe5 27. fxe5 Bh6 28. Rf3 Ne4 29.
Kf1 Rxd5 30. Kg1 e6 31. Ra1 Rxa1+ 32. Bxa1 Rd1+ 33. Rf1 Rd3 34. Rf3 Rd1+ 35. Rf1 Rd7 36. Kh2 Nc3 37. Bxc3 bxc3 0-1